 Dungeon Crawl Stone Soup version 0.22-a0-374-g5dfd9e3 (webtiles) character file.

586 Gildeon the Cleaver (level 7, 0/57 HPs)
             Began as a Minotaur Fighter on Apr 27, 2018.
             Killed from afar by Galewind's ghost (24 damage)
             ... with a flame tongue
             ... on level 5 of the Dungeon.
             The game lasted 00:11:52 (2927 turns).

Gildeon the Cleaver (Minotaur Fighter)              Turns: 2927, Time: 00:11:52

Health: 0/57       AC: 12    Str: 20    XL:     7   Next: 15%
Magic:  6/6        EV:  5    Int:  6    God:
Gold:   252        SH:  9    Dex: 11    Spells: 6/6 levels left

rFire    . . .     SeeInvis .   a - +1 war axe
rCold    + . .     Gourm    .   c - +0 shield
rNeg     . . .     Faith    .   g - +0 chain mail
rPois    +         Spirit   .   (helmet restricted)
rElec    .         Reflect  .   (no cloak)
rCorr    .         Harm     .   l - +2 pair of gloves
MR       .....                  (no boots)
Stlth    ..........             (no amulet)
HPRegen  0.19/turn              n - ring of poison resistance
MPRegen  0.10/turn              h - ring of protection from cold

@: no status effects
A: retaliatory headbutt, horns 2
a: no special abilities


You were on level 5 of the Dungeon.
You were not hungry.

You visited 1 branch of the dungeon, and saw 5 of its levels.

You collected 252 gold pieces.

Inventory:

Hand Weapons
 a - a +1 war axe (weapon)
Armour
 c - a +0 shield (worn)
 g - a +0 chain mail (worn)
 l - a +2 pair of gloves (worn)
Jewellery
 h - a ring of protection from cold (right hand)
 m - an uncursed ring of protection from fire
 n - a ring of poison resistance (left hand)
Wands
 o - a wand of random effects (27)
Scrolls
 d - 2 scrolls of remove curse
 p - a scroll of immolation {unknown}
Potions
 b - 2 potions of ambrosia {unknown}
 e - a potion of cancellation
 i - a potion of magic {unknown}
 j - 2 potions of curing {unknown}
 k - 3 potions of heal wounds {unknown}
 q - a potion of haste {unknown}
Comestibles
 f - 5 rations
 r - 12 chunks of flesh


   Skills:
 - Level 3.6 Fighting
 + Level 9.5 Axes
 - Level 3.6 Armour
 - Level 3.6 Shields


You had 6 spell levels left.
You didn't know any spells.

Dungeon Overview and Level Annotations

Branches:
Dungeon (5/15)
 Temple: D:4-7

Altars:
Cheibriados
Elyvilon
Uskayaw
Zin

Annotations:
D:5 Galewind's ghost, novice DEFE


Innate Abilities, Weirdness & Mutations

You reflexively headbutt those who attack you in melee.
You have a pair of horns on your head.


Message History

Galewind's ghost hits you but does no damage.
You closely miss Galewind's ghost.
Galewind's ghost is moderately damaged.
You block Galewind's ghost's attack.
You slash Galewind's ghost!
Galewind's ghost is heavily damaged.
Galewind's ghost points at you and mumbles some strange words.
The flame tongue hits you!
You slash Galewind's ghost!
Galewind's ghost is severely damaged.
You block Galewind's ghost's attack.
You closely miss Galewind's ghost.
Galewind's ghost is severely damaged.
Galewind's ghost points at you and mumbles some strange words.
The flame tongue hits you!
You barely miss Galewind's ghost. Your headbutt misses Galewind's ghost.
Galewind's ghost is severely damaged.
Galewind's ghost points at you and mumbles some strange words.
The flame tongue hits you!
You die...

♣♣..≈≈≈≈≈..♣♣
#.#
♣...≈≈_≈≈...♣
#.#
♣♣..≈≈≈≈≈..♣♣
#.#
♣...≈≈≈...♣
#.#
♣♣.......♣♣
#.# ♣♣.....♣♣
#.# ♣♣...♣♣
♣♣.....♣♣
♣.....@.♣
♣...≈≈≈.W.♣
#..≈≈≈≈≈.....
#..≈≈♣≈≈...###
#..≈≈≈≈≈...#
#...≈≈≈!...#
##.........#
##.......##


You could see Galewind's ghost.

Vanquished Creatures
  The ghost of Amnesiac the Coward, an amateur DEFi of Okawaru (D:4)
  A phantom (D:4)
  A howler monkey (D:4)
  2 crimson imps (D:5)
  2 hounds
  A worker ant (D:4)
  5 adders
  An ooze (D:2)
  3 dart slugs
  3 leopard geckos
  3 orcs
  5 giant cockroaches
  8 hobgoblins
  10 jackals
  5 kobolds
  3 quokkas
  7 bats
  3 frilled lizards
  7 goblins
  A leopard gecko skeleton (D:5)
  A quokka zombie (D:5)
  10 rats
83 creatures vanquished.

Vanquished Creatures (others)
  5 toadstools (D:1)
5 creatures vanquished.

Grand Total: 88 creatures vanquished

Notes
Turn   | Place    | Note
-------+----------+-------------------------------------------
     0 | D:1      | Gildeon the Minotaur Fighter began the quest for the Orb.
     0 | D:1      | Reached XP level 1. HP: 19/19 MP: 0/0
   296 | D:1      | Reached skill level 3 in Axes
   463 | D:1      | Reached XP level 2. HP: 24/26 MP: 1/1
   776 | D:1      | Reached skill level 4 in Axes
   971 | D:2      | Reached XP level 3. HP: 31/31 MP: 2/2
  1240 | D:2      | Reached skill level 5 in Axes
  1287 | D:2      | Reached XP level 4. HP: 35/39 MP: 3/3
  1718 | D:3      | Reached skill level 6 in Axes
  1910 | D:3      | Reached XP level 5. HP: 41/45 MP: 4/4
  1973 | D:3      | Noticed a dagger
  1975 | D:3      | Found a hide-covered altar of Uskayaw.
  1976 | D:3      | Noticed a hand axe
  2279 | D:4      | Noticed Amnesiac's ghost (amateur DEFi)
  2287 | D:4      | Killed Amnesiac's ghost
  2287 | D:4      | Reached skill level 8 in Axes
  2287 | D:4      | Reached XP level 6. HP: 51/51 MP: 5/5
  2662 | D:4      | Reached skill level 9 in Axes
  2691 | D:4      | Found a snail-covered altar of Cheibriados.
  2695 | D:4      | Found a glowing silver altar of Zin.
  2789 | D:5      | Entered Level 5 of the Dungeon
  2822 | D:5      | Reached XP level 7. HP: 57/57 MP: 6/6
  2903 | D:5      | Found a white marble altar of Elyvilon.
  2914 | D:5      | Noticed Galewind's ghost (novice DEFE)
  2927 | D:5      | Killed from afar by Galewind's ghost

Vault maps used:
D:1:      ldierk_walled_garden
D:2:      grunt_ministairs_12, minmay_misc_feat_x
D:3:      dancing_weapons_uskayaw
D:4:      minitemple
D:5:      elyvilon_altar_3, first_ration, serial_shops, shop_fountains,
          st_stairs_1

Skill      XL: |  1  2  3  4  5  6 |
---------------+-------------------+-----
Axes           | 3 4 5 6 8 9 |  9.5
Fighting       | |  3.6
Armour         | |  3.6
Shields        | |  3.6

Action                   |  1- 3 |  4- 6 |  7- 9 || total
-------------------------+-------+-------+-------++-------
Melee: War axe           |    82 |   110 |    20 ||   212
       Headbutt          |     8 |    20 |     4 ||    32
  Use: Scroll            |     1 |     8 |       ||     9
       Potion            |       |     1 |       ||     1
  Eat: Chunk             |     1 |     2 |       ||     3
       Ration            |       |     1 |       ||     1
Armor: Scale mail        |    44 |    17 |       ||    61
       Chain mail        |       |    26 |    16 ||    42
Dodge: Dodged            |    28 |    20 |    10 ||    58
Block: Shield            |    44 |    63 |    12 ||   119

Table legend:
 A = Spawn XP
 B = Non-spawn XP
 C = Spawn XP percentage of total XP
 D = Spawn monster count
 E = Non-spawn monster count
 F = Spawn count percentage of total count
 G = Total turns spent on level
                    A         B        C        D         E        F      G
               +---------+---------+-------+---------+---------+-------+---------
         Total |       0 |     838 |   0.0 |       0 |      83 |   0.0 |  2927
               +---------+---------+-------+---------+---------+-------+---------
           D:1 |       0 |      37 |   0.0 |       0 |      20 |   0.0 |   968
           D:2 |       0 |     105 |   0.0 |       0 |      21 |   0.0 |   690
           D:3 |       0 |      68 |   0.0 |       0 |      20 |   0.0 |   601
           D:4 |       0 |     515 |   0.0 |       0 |      12 |   0.0 |   530
           D:5 |       0 |     113 |   0.0 |       0 |      10 |   0.0 |   138
               +---------+---------+-------+---------+---------+-------+---------
